[ AOE2 MATCH · #506326469 ]
UnrankedPortuguese vs Franks
Player's team · WIN
Rival team · LOSS
[ REPLAY ANALYSIS · EXTRACTED FROM THE RECORDED GAME ]
Feudal
10:13
Castle
20:24
Imperial
—
| APM avg | 84.9 |
| APM peak | 124 |
| eAPM avg | 44.1 |
| Villagers / military | 101 / 53 |
Focus
⚔️ 38.1% · 🌾 61.9%
Archer ×49 · Mangonel ×2 · Spearman ×2
Feudal
10:37
Castle
18:36
Imperial
—
| APM avg | 80.5 |
| APM peak | 149 |
| eAPM avg | 31.9 |
| Villagers / military | 86 / 40 |
Focus
⚔️ 44.9% · 🌾 55.1%
Archer ×33 · Militia ×3 · Spearman ×2 · Mangonel ×1 · Skirmisher ×1
Match map
Initial resources + every placement click. Lines = walls · curves = elevation contours. ◆ gold · ⬟ stone · ● berries · ✦ relic · ◌ wall gap
Your base· ✓ Closed at 20:24 · 33t walls · no gate
-GNG-OverHabit's base· Open — opponent sealed themselves in
Smoothed initial terrain · ◌ = detected wall gap · hover for details
Inputs per minute
— iamkaito - - -GNG-OverHabit
Build order — iamkaito
First 150 of 255 actions detected
| 0:01 | Create | Villager (Male) |
| 0:02 | Build | House |
| 0:02 | Create | Villager (Male) |
| 0:04 | Build | House |
| 0:09 | Create | Villager (Male) |
| 0:12 | Create | Villager (Male) |
| 1:24 | Create | Villager (Male) |
| 1:24 | Create | Villager (Male) |
| 2:03 | Create | Villager (Male) |
| 2:03 | Create | Villager (Male) |
| 2:17 | Create | Villager (Male) |
| 2:18 | Create | Villager (Male) |
| 2:26 | Build | Lumber Camp |
| 2:47 | Create | Villager (Male) |
| 2:47 | Create | Villager (Male) |
| 3:09 | Create | Villager (Male) |
| 3:40 | Create | Villager (Male) |
| 3:41 | Create | Villager (Male) |
| 3:58 | Build | House |
| 3:59 | Build | House |
| 4:02 | Create | Villager (Male) |
| 4:02 | Create | Villager (Male) |
| 4:26 | Create | Villager (Male) |
| 4:26 | Create | Villager (Male) |
| 4:26 | Create | Villager (Male) |
| 5:19 | Create | Villager (Male) |
| 5:19 | Create | Villager (Male) |
| 5:36 | Build | Mining Camp |
| 5:41 | Create | Villager (Male) |
| 5:50 | Create | Villager (Male) |
| 6:04 | Create | Villager (Male) |
| 6:37 | Research | Loom |
| 6:50 | Build | Lumber Camp |
| 7:05 | Create | Villager (Male) |
| 7:14 | Build | Palisade Wall |
| 7:21 | Build | House |
| 7:23 | Build | Palisade Wall |
| 7:24 | Build | Palisade Wall |
| 7:33 | Create | Villager (Male) |
| 8:03 | Research | Feudal Age |
| 8:04 | Research | Feudal Age |
| 8:21 | Build | Lumber Camp |
| 9:20 | Create | Villager (Male) |
| 9:22 | Build | Barracks |
| 10:13 | Age | Feudal Age |
| 10:17 | Research | Double-Bit Axe |
| 10:17 | Research | Double-Bit Axe |
| 10:19 | Build | Mill |
| 10:26 | Build | House |
| 10:27 | Create | Spearman |
| 10:31 | Create | Villager (Male) |
| 10:35 | Create | Villager (Male) |
| 11:00 | Build | Archery Range |
| 11:00 | Create | Villager (Male) |
| 11:21 | Build | Farm |
| 11:25 | Build | House |
| 11:33 | Create | Villager (Male) |
| 11:36 | Build | Farm |
| 11:43 | Build | Farm |
| 11:49 | Build | Palisade Wall |
| 11:56 | Create | Villager (Male) |
| 11:59 | Build | Farm |
| 12:02 | Build | Farm |
| 12:08 | Research | Horse Collar |
| 12:08 | Research | Horse Collar |
| 12:12 | Create | Archer |
| 12:12 | Create | Archer |
| 12:34 | Build | Palisade Wall |
| 12:39 | Create | Villager (Male) |
| 12:40 | Create | Archer |
| 12:52 | Create | Villager (Male) |
| 12:52 | Create | Villager (Male) |
| 12:54 | Build | Farm |
| 12:56 | Build | Farm |
| 12:58 | Build | Farm |
| 13:03 | Build | House |
| 13:05 | Build | Palisade Wall |
| 13:14 | Build | Farm |
| 13:16 | Create | Archer |
| 13:16 | Create | Archer |
| 13:19 | Create | Spearman |
| 13:25 | Create | Villager (Male) |
| 13:32 | Create | Archer |
| 13:41 | Build | House |
| 13:45 | Build | Palisade Wall |
| 13:46 | Create | Villager (Male) |
| 14:06 | Create | Villager (Male) |
| 14:09 | Build | Farm |
| 14:23 | Create | Villager (Male) |
| 14:34 | Build | Farm |
| 14:36 | Build | Farm |
| 14:39 | Build | Farm |
| 14:43 | Build | Farm |
| 14:43 | Create | Villager (Male) |
| 14:55 | Create | Villager (Male) |
| 15:03 | Create | Archer |
| 15:08 | Create | Villager (Male) |
| 15:16 | Create | Villager (Male) |
| 15:18 | Build | Blacksmith |
| 15:19 | Build | House |
| 15:20 | Build | House |
| 15:23 | Build | Farm |
| 15:27 | Build | Farm |
| 15:35 | Create | Villager (Male) |
| 15:35 | Create | Villager (Male) |
| 15:49 | Create | Villager (Male) |
| 15:58 | Build | Farm |
| 16:08 | Create | Archer |
| 16:20 | Create | Villager (Male) |
| 16:56 | Research | Fletching |
| 16:58 | Create | Villager (Male) |
| 17:01 | Build | Farm |
| 17:03 | Build | Farm |
| 17:21 | Research | Fletching |
| 17:37 | Research | Castle Age |
| 17:38 | Research | Castle Age |
| 17:55 | Build | Archery Range |
| 18:07 | Create | Archer |
| 18:10 | Build | House |
| 18:14 | Build | House |
| 18:18 | Build | House |
| 18:20 | Create | Archer |
| 18:21 | Create | Archer |
| 18:25 | Create | Archer |
| 18:31 | Research | Fletching |
| 18:45 | Research | Gold Mining |
| 18:45 | Research | Gold Mining |
| 18:46 | Create | Villager (Male) |
| 18:51 | Create | Archer |
| 19:00 | Create | Archer |
| 19:04 | Create | Villager (Male) |
| 19:09 | Build | House |
| 19:24 | Create | Archer |
| 19:24 | Create | Archer |
| 19:29 | Create | Archer |
| 19:30 | Create | Archer |
| 19:33 | Create | Villager (Male) |
| 19:39 | Create | Archer |
| 19:39 | Create | Archer |
| 19:48 | Create | Villager (Male) |
| 19:48 | Create | Villager (Male) |
| 19:56 | Create | Villager (Male) |
| 20:10 | Create | Villager (Male) |
| 20:12 | Research | Padded Archer Armor |
| 20:24 | Age | Castle Age |
| 20:36 | Build | Town Center |
| 20:39 | Create | Villager (Male) |
| 20:41 | Research | Bow Saw |
| 20:42 | Research | Bow Saw |
| 20:47 | Create | Archer |
Build order — -GNG-OverHabit
First 150 of 214 actions detected
| 0:00 | Create | Villager (Male) |
| 0:01 | Create | Villager (Male) |
| 0:01 | Create | Villager (Male) |
| 0:02 | Build | House |
| 0:02 | Build | House |
| 0:07 | Create | Villager (Male) |
| 0:07 | Create | Villager (Male) |
| 0:07 | Create | Villager (Male) |
| 1:38 | Create | Villager (Male) |
| 1:38 | Create | Villager (Male) |
| 1:59 | Create | Villager (Male) |
| 1:59 | Create | Villager (Male) |
| 1:59 | Create | Villager (Male) |
| 2:18 | Create | Villager (Male) |
| 2:18 | Create | Villager (Male) |
| 2:19 | Create | Villager (Male) |
| 2:34 | Build | Barracks |
| 2:43 | Create | Villager (Male) |
| 2:43 | Create | Villager (Male) |
| 2:56 | Create | Villager (Male) |
| 2:56 | Create | Villager (Male) |
| 3:15 | Create | Villager (Male) |
| 3:16 | Create | Villager (Male) |
| 3:19 | Build | House |
| 3:36 | Create | Militia |
| 4:02 | Create | Militia |
| 4:03 | Create | Militia |
| 4:09 | Create | Villager (Male) |
| 4:09 | Create | Villager (Male) |
| 4:33 | Create | Villager (Male) |
| 4:33 | Create | Villager (Male) |
| 4:33 | Create | Villager (Male) |
| 4:55 | Create | Villager (Male) |
| 4:56 | Create | Villager (Male) |
| 5:06 | Build | House |
| 5:26 | Create | Villager (Male) |
| 5:46 | Create | Villager (Male) |
| 6:12 | Create | Villager (Male) |
| 6:21 | Build | Lumber Camp |
| 6:37 | Create | Villager (Male) |
| 7:03 | Build | Palisade Wall |
| 7:10 | Create | Villager (Male) |
| 7:24 | Research | Loom |
| 7:24 | Research | Loom |
| 7:29 | Build | Palisade Wall |
| 7:51 | Build | Mill |
| 8:02 | Create | Villager (Male) |
| 8:09 | Build | Palisade Wall |
| 8:25 | Research | Feudal Age |
| 8:25 | Research | Feudal Age |
| 8:47 | Build | Palisade Wall |
| 8:56 | Build | House |
| 9:18 | Build | Farm |
| 9:19 | Build | Farm |
| 10:18 | Build | Mining Camp |
| 10:22 | Build | Farm |
| 10:27 | Create | Villager (Male) |
| 10:37 | Age | Feudal Age |
| 10:41 | Research | Double-Bit Axe |
| 10:41 | Research | Double-Bit Axe |
| 10:42 | Create | Villager (Male) |
| 10:59 | Create | Villager (Male) |
| 11:14 | Build | Archery Range |
| 11:36 | Build | Farm |
| 11:41 | Build | Farm |
| 11:45 | Build | House |
| 11:50 | Create | Spearman |
| 11:51 | Create | Spearman |
| 11:53 | Create | Villager (Male) |
| 12:13 | Create | Archer |
| 12:15 | Create | Villager (Male) |
| 12:22 | Build | Farm |
| 12:33 | Create | Archer |
| 12:34 | Create | Archer |
| 12:36 | Create | Villager (Male) |
| 12:41 | Build | Farm |
| 12:53 | Create | Archer |
| 12:54 | Create | Archer |
| 13:06 | Build | House |
| 13:08 | Create | Villager (Male) |
| 13:12 | Build | Farm |
| 13:21 | Create | Archer |
| 13:38 | Create | Villager (Male) |
| 13:43 | Build | Farm |
| 13:48 | Build | Farm |
| 13:52 | Create | Archer |
| 13:56 | Create | Villager (Male) |
| 14:24 | Build | Lumber Camp |
| 14:29 | Create | Villager (Male) |
| 14:56 | Create | Villager (Male) |
| 14:57 | Build | House |
| 15:07 | Create | Archer |
| 15:10 | Create | Villager (Male) |
| 15:23 | Build | Blacksmith |
| 15:56 | Research | Castle Age |
| 15:57 | Research | Castle Age |
| 15:59 | Create | Skirmisher |
| 16:16 | Build | Stable |
| 16:24 | Build | Archery Range |
| 16:25 | Create | Archer |
| 16:33 | Build | House |
| 16:38 | Build | Palisade Wall |
| 16:40 | Research | Fletching |
| 16:40 | Research | Fletching |
| 16:53 | Create | Archer |
| 16:56 | Research | Padded Archer Armor |
| 16:57 | Research | Padded Archer Armor |
| 17:09 | Build | House |
| 17:17 | Build | House |
| 17:32 | Create | Archer |
| 17:33 | Create | Archer |
| 17:58 | Create | Villager (Male) |
| 18:04 | Create | Archer |
| 18:04 | Create | Archer |
| 18:27 | Research | Gold Mining |
| 18:29 | Build | Farm |
| 18:31 | Build | Farm |
| 18:36 | Age | Castle Age |
| 18:39 | Research | Bodkin Arrow |
| 18:39 | Research | Bodkin Arrow |
| 18:47 | Build | University |
| 18:56 | Research | Crossbowman (upgrade) |
| 18:56 | Research | Crossbowman (upgrade) |
| 19:07 | Create | Villager (Male) |
| 19:12 | Create | Archer |
| 19:12 | Create | Archer |
| 19:15 | Build | Town Center |
| 19:17 | Create | Archer |
| 19:34 | Create | Villager (Male) |
| 19:41 | Create | Villager (Male) |
| 20:00 | Create | Villager (Male) |
| 20:01 | Create | Archer |
| 20:08 | Research | Bow Saw |
| 20:08 | Research | Bow Saw |
| 20:25 | Create | Villager (Male) |
| 20:39 | Create | Villager (Male) |
| 20:44 | Build | House |
| 20:45 | Build | House |
| 21:00 | Build | Farm |
| 21:01 | Build | Farm |
| 21:06 | Create | Archer |
| 21:06 | Create | Archer |
| 21:10 | Create | Villager (Male) |
| 21:34 | Build | Town Center |
| 21:38 | Create | Villager (Male) |
| 21:44 | Create | Villager (Male) |
| 21:45 | Create | Villager (Male) |
| 21:49 | Create | Villager (Male) |
| 21:53 | Build | Farm |
| 21:59 | Create | Archer |
Match timeline
| 2:34 | -GNG-OverHabit · first_building Barracks |
| 7:03 | -GNG-OverHabit · wall_segment Palisade Wall x9 |
| 7:14 | iamkaito · wall_segment Palisade Wall x1 |
| 7:23 | iamkaito · wall_segment Palisade Wall x8 |
| 7:24 | iamkaito · wall_segment Palisade Wall x2 |
| 7:29 | -GNG-OverHabit · wall_segment Palisade Wall x4 |
| 8:09 | -GNG-OverHabit · wall_segment Palisade Wall x7 |
| 8:47 | -GNG-OverHabit · wall_segment Palisade Wall x4 |
| 9:22 | iamkaito · first_building Barracks |
| 10:13 | iamkaito · age_up feudal |
| 10:37 | -GNG-OverHabit · age_up feudal |
| 11:00 | iamkaito · first_building Archery Range |
| 11:14 | -GNG-OverHabit · first_building Archery Range |
| 11:49 | iamkaito · wall_segment Palisade Wall x5 |
| 12:34 | iamkaito · wall_segment Palisade Wall x2 |
| 13:05 | iamkaito · wall_segment Palisade Wall x6 |
| 13:45 | iamkaito · wall_segment Palisade Wall x9 |
| 16:16 | -GNG-OverHabit · first_building Stable |
| 16:38 | -GNG-OverHabit · wall_segment Palisade Wall x1 |
| 18:36 | -GNG-OverHabit · age_up castle |
| 20:24 | iamkaito · age_up castle |
| 24:41 | iamkaito · first_building Siege Workshop |
| 25:05 | -GNG-OverHabit · first_building Siege Workshop |
| 27:11 | -GNG-OverHabit · resign |
[ AI ANALYSIS · 1 CREDIT ]
What really happened in this match?
Wolo.gg analyzes every decision: build order, eco, micro, common mistakes by bracket. Personalized analysis on WhatsApp or Discord in 30 seconds.
Civ guide
Portuguese
Perfil
Jugador #3816609